 Dungeon Crawl Stone Soup version 0.31-a0-1405-g2bb1a01664 (webtiles) character file.

Game seed: 3664823033207654099

383 jasper the Ducker (level 6, -2/32 HPs)
             Began as a Spriggan Fighter on Dec 25, 2023.
             Incinerated by a bombardier beetle (5 damage)
             ... with a burning spray
             ... on level 5 of the Dungeon.
             The game lasted 00:06:38 (2896 turns).

jasper the Ducker (Spriggan Fighter)                Turns: 2896, Time: 00:06:39

Health: -2/32      AC:  5    Str: 12    XL:     6   Next: 47%
Magic:  7/7        EV: 19    Int:  9    God:
Gold:   96         SH:  5    Dex: 17    Spells: 5/5 levels left

rFire   . .          .
                       - Unarmed
rCold   + . .        b - +0 buckler
rNeg    . . .        g - +2 robe {rC+}
rPois   .            (helmet restricted)
rElec   .            l - +0 cloak
rCorr   .            (gloves unavailable)
SInv    +            (boots unavailable)
Will    +....        (no amulet)
Stlth   +            (no ring)
HPRegen 0.25/turn    (no ring)
MPRegen 0.10/turn

%: no passive effects
@: on fire, glowing, very quick
A: very small, no large weapons, unfitting armour, see invisible, speed 3
a: no special abilities


You were on level 5 of the Dungeon.
You visited 1 branch of the dungeon, and saw 5 of its levels.
You also visited: Sewer.

You collected 96 gold pieces.

Inventory:

Missiles
 d - 21 stones (quivered)
Armour
 a - a +0 robe
 b - a +0 buckler (worn)
 g - a +2 robe of cold resistance (worn)
 l - a +0 cloak (worn)
Jewellery
 k - a ring of wizardry
 m - a +6 ring of intelligence
Scrolls
 c - a scroll of identify
 i - 2 scrolls of teleportation
Potions
 e - 2 potions of curing {unknown}
 f - 3 potions of attraction
 h - 2 potions of lignification
 j - a potion of mutation {unknown}


   Skills:
 + Level 3.4 Fighting
 + Level 5.5 Dodging
 + Level 3.1 Shields
 * Level 3.8 Unarmed Combat


You had 5 spell levels left.
You didn't know any spells.
Your spell library contained the following spells:

 Spells                   Type           Power      Damage    Failure   Level
 Stone Arrow              Conj/Erth      0%         3d7       86%         3
 Summon Guardian Golem    Hex/Summ       0%         N/A       86%         3
 Animate Armour           Summ/Erth      0%         N/A       99%         4
 Leda's Liquefaction      Alch/Erth      0%         N/A       99%         4
 Lee's Rapid Deconstruct  Erth           0%         3d4*      100%        5
 Bombard                  Conj/Erth      0%         9d1       100%        6
 Orb of Destruction       Conj           0%         9d5       100%        7
 Spellforged Servitor     Conj/Summ      0%         N/A       100%        7
 Lehudib's Crystal Spear  Conj/Erth      0%         10d2      100%        8


Dungeon Overview and Level Annotations

Branches:
Dungeon (5/15)              Sewer (visited)
 Temple: D:4-7

Altars:
Qazlal

Annotations:
D:3 Ijyb


Innate Abilities, Weirdness & Mutations

You are very small and have problems with some larger weapons.
You are too small for most types of armour.
You have supernaturally acute eyesight. (SInv)
You cover ground extremely quickly. (Speed+++)


Message History

The bombardier beetle bites you.
You take 1 damage, and have 31/32 hp.
You hit the bombardier beetle but do no damage.
The bombardier beetle is heavily wounded.
You hit the bombardier beetle but do no damage.
The bombardier beetle is heavily wounded.
The bombardier beetle sprays incendiary fluid at you.
The burning spray hits you.
You are covered in liquid fire!
You hit the bombardier beetle but do no damage.
The bombardier beetle is heavily wounded.
The liquid fire burns you!
You take 1 damage, and have 30/32 hp.
You completely miss the bombardier beetle.
The bombardier beetle is heavily wounded.
The liquid fire burns you!
You block the bombardier beetle's attack.
You take 2 damage, and have 28/32 hp.
You punch the bombardier beetle!
The bombardier beetle is almost dead.
The liquid fire burns you! The bombardier beetle bites you.
You take 7 damage, and have 21/32 hp.
MASSIVE DAMAGE!!
You barely miss the bombardier beetle.
The bombardier beetle is almost dead.
The liquid fire burns you!
You take 7 damage, and have 14/32 hp.
MASSIVE DAMAGE!!
You hit the bombardier beetle.
You kill the bombardier beetle!
The liquid fire burns you!
* * * LOW HITPOINT WARNING * * *
The jackal closely misses you.
You hit the jackal.
You kill the jackal!
The liquid fire burns you!
* * * LOW HITPOINT WARNING * * *
You hit the jackal.
You kill the jackal!
The liquid fire burns you!
You die...

.... #... .... ....
...# ..## .##...
.#############
..##.##
......†@.....# ..
....
)###########.####.#
#.##
#....:.......###.##
#.#.....##.........
#.###.##.###.#... #
#......# #...##
........##.###.# #
..#.....##.....####
....###.####.###...


There were no monsters in sight!

Vanquished Creatures
  2 bombardier beetles
  A bullfrog zombie (D:5)
  A jelly (D:3)
  An orc priest (D:3)
  A hound (D:5)
  A sleepcap (D:5)
  An iguana (D:4)
  An orc wizard (D:4)
  3 adders
  An adder skeleton (D:5)
  A worm (D:4)
  9 orcs
  10 ball pythons
  8 endoplasms
  2 giant cockroaches
  3 goblins (D:1)
  5 hobgoblins
  5 jackals
  3 kobolds
  2 quokkas (D:1)
  4 bats (D:1)
  5 frilled lizards
  2 rats (D:2)
72 creatures vanquished.

Notes
Turn   | Place    | Note
-------+----------+-------------------------------------------
     0 | D:1      | jasper the Spriggan Fighter began the quest for the Orb.
     0 | D:1      | Reached XP level 1. HP: 11/11 MP: 2/2
    53 | D:1      | Reached XP level 2. HP: 16/16 MP: 3/3
   384 | D:1      | Found a faded altar of an unknown god.
   602 | D:1      | Reached XP level 3. HP: 3/19 MP: 4/4
  1069 | D:2      | Identified the +5 mace of Freehold {flame, Int+5}
  1559 | D:4      | Reached XP level 4. HP: 23/23 MP: 5/5
  1886 | D:3      | Noticed Ijyb
  1916 | D:3      | Found a stormy altar of Qazlal.
  1975 | D:3      | Reached XP level 5. HP: 13/28 MP: 6/6
  2171 | D:3      | Found a glowing drain.
  2176 | Sewer    | Entered a sewer
  2318 | D:4      | Reached skill level 5 in Dodging
  2524 | D:4      | Noticed a phantom
  2568 | D:5      | Entered Level 5 of the Dungeon
  2583 | D:5      | Reached XP level 6. HP: 32/32 MP: 7/7
  2896 | D:5      | Incinerated by a bombardier beetle

Illustrated notes

Levels and vault maps discovered:
D:1:      lightli_molten_gateway, layout_rooms,
          nicolae_ecumenical_snake_handling
D:2:      layout_loops_ring, serial_shops, shop
D:3:      kennysheep_big_flooded_room, layout_loops_ring,
          nicolae_qazlal_scattered_showers, portal_sewer_entry_e, uniq_ijyb
D:4:      layout_basic, serial_library_hellmonk_metal_room, uniq_grinder
D:5:      layout_loops_ring, tgw_kikubaaqudgha, minmay_temple_entry_junction_2,
          serial_undead, serial_undead_d, serial_undead_a, serial_undead_c,
          serial_undead_b

Skill      XL: |  1  2  3  4  5 |
---------------+----------------+-----
Unarmed Combat | 2 3 |  3.8
Fighting       | 3 |  3.4
Dodging        | 5 |  5.5
Shields        | 3 |  3.1

Action                     |  1- 3 |  4- 6 || total
---------------------------+-------+-------++-------
  Melee: Unarmed           |   204 |   162 ||   366
  Throw: Stone             |       |     4 ||     4
    Use: Potion            |     1 |     3 ||     4
         Scroll            |     5 |     3 ||     8
   Stab: Sleeping          |     3 |     1 ||     4
 Armour: Robe              |    45 |    35 ||    80
         Skin              |       |    10 ||    10
  Dodge: Dodged            |   151 |    94 ||   245
  Block: Buckler           |    47 |    18 ||    65

Table legend: (Time is in decaauts)
 A = Elapsed time spent in this place.
 B = Non-inter-level travel time spent in this place.
 C = Inter-level travel time spent in this place.
 D = Time resting spent in this place.
 E = Time spent auto-exploring this place.
 F = Levels seen in this place.
 G = Mean time per level.
                   A        B        C        D        E       F      G
               +--------+--------+--------+--------+--------+-----+--------+
         Total |   2123 |   2033 |     90 |    131 |   1017 |   6 |  353.8 |
       Dungeon |   2115 |   2025 |     90 |    131 |   1016 |   5 |  423.0 |
         Sewer |      7 |      7 |      0 |      0 |      0 |   1 |    7.0 |
               +--------+--------+--------+--------+--------+-----+--------+

Top non-repeatable levels by time:
     D:1: 600 daAuts
     D:3: 537 daAuts
     D:4: 361 daAuts
     D:2: 349 daAuts
     D:5: 266 daAuts
   Sewer: 7 daAuts
